 Dungeon Crawl Stone Soup version 0.30-a0-715-gdb4ae3ece1 (webtiles) character file.

Game seed: 992736090945923493

2 flotson the Sneak (level 1, 0/18 HPs)
             Began as a Demonspawn Delver on Jan 23, 2023.
             Was an Initiate of Hepliaklqana.
             Slain by a river rat (4 damage)
             ... on level 4 of the Dungeon.
             The game lasted 00:00:57 (157 turns).

flotson the Sneak (Demonspawn Delver)                Turns: 157, Time: 00:00:58

Health: 0/18       AC:  3    Str: 12    XL:     1   Next: 33%
Magic:  1/1        EV: 11    Int: 11    God:    Hepliaklqana [......]
Gold:   0          SH:  0    Dex: 14    Spells: 0/0 levels left

rFire   . . .      SeeInvis .    a - +0 hand axe
rCold   . . .      Faith    .    (no shield)
rNeg    . . .      Spirit   .    b - +0 leather armour
rPois   .          Reflect  .    (no helmet)
rElec   .          Harm     .    (no cloak)
rCorr   +          Rampage  .    (no gloves)
Will    .....                    (no boots)
Stlth   ++                       (no amulet)
HPRegen 0.23/turn                d - ring of resist corrosion
MPRegen 0.07/turn                (no ring)

@: hasted, very quick
A: no striking features
a: Renounce Religion


You were on level 4 of the Dungeon.
You worshipped Hepliaklqana.
Hepliaklqana was noncommittal.
You visited 2 branches of the dungeon, and saw 3 of its levels.

Inventory:

Hand Weapons
 a - a +0 hand axe (weapon)
Armour
 b - a +0 leather armour (worn)
Jewellery
 d - a ring of resist corrosion (left hand)
Wands
 g - a wand of digging (3)
Scrolls
 c - a scroll of fog


   Skills:
 + Level 3.0 Fighting
 + Level 1.8 Axes
 + Level 0.1 Armour
 + Level 1.8 Dodging
 + Level 4.5 Stealth
 + Level 0.1 Evocations


You couldn't memorise any spells.
You didn't know any spells.
Your spell library was empty.

Dungeon Overview and Level Annotations

Branches:
Dungeon (5/15)             Temple (1/1) D:5

Altars:
Cheibriados
Hepliaklqana
Uskayaw

Annotations:
D:4 Sigmund


Message History

You barely miss the endoplasm.
The endoplasm is heavily wounded.
The endoplasm misses you. The endoplasm hits you.
You completely miss the endoplasm.
The endoplasm is heavily wounded.
The endoplasm freezes you.
You are frozen.
You hit the endoplasm but do no damage.
The endoplasm is heavily wounded.
The endoplasm freezes you.
You are frozen.
* * * LOW HITPOINT WARNING * * *
You hit the endoplasm.
You kill the endoplasm!
You see here a giant cockroach corpse.
d - a ring of resist corrosion (left hand)
You start resting.
You hear the slow rusting of a drain nearby.
You start resting.
HP restored.
You hear the slow rusting of a drain nearby.
A rat and a river rat come into view.
You barely miss the river rat.
The river rat bites you but does no damage.
You hit the river rat.
The river rat is moderately wounded.
The river rat misses you.
You hit the river rat but do no damage.
The river rat is moderately wounded.
The river rat bites you!
Ouch! That really hurt!
You hit the river rat but do no damage.
The river rat is moderately wounded.
The river rat barely misses you. The river rat closely misses you.
You hit the river rat but do no damage.
The river rat is moderately wounded.
The river rat bites you.
* * * LOW HITPOINT WARNING * * *
You feel yourself speed up. The river rat bites you.
You die...

*,,~~+##+#
*,,,~~r~~#
**,,,,~...#
*,,,,,,,..#
*,,,,,,,..#
*,,,****#.#
***,,* #.# *#,*
#r# #.##*#@#
#...##.#
**#....# ###.##
##..# ###..##
###########...##
....†.......###
....#########


You could see a river rat and a rat.

Vanquished Creatures
  An endoplasm (D:4)
  A giant cockroach (D:4)
2 creatures vanquished.

Notes
Turn   | Place    | Note
-------+----------+-------------------------------------------
     0 | D:5      | flotson the Demonspawn Delver began the quest for the Orb.
     0 | D:5      | Reached XP level 1. HP: 18/18 MP: 1/1
     0 | D:5      | Found a staircase to the Ecumenical Temple.
    14 | Temple   | Entered the Ecumenical Temple
    19 | Temple   | Became a worshipper of Hepliaklqana the Forgotten
    40 | D:4      | Noticed Sigmund
   157 | D:4      | Slain by a river rat

Illustrated notes

Levels and vault maps discovered:
D:4:      layout_rooms, portal_sewer_entry_e, minmay_crystal_room,
          minmay_shop_mass, uniq_sigmund, uniq_pikel
D:5:      layout_basic, mainiacjoe_overflow_six_doors_small, temple_fountains,
          serial_shops, nicolae_shop_hallway_plus, chequers_avenue,
          hangedman_abyss_or_decor_passed,
          nicolae_concentric_dashed_squares_mild
Temple:   nicolae_temple_bog_church

Action                     || total
---------------------------++-------
  Melee: Hand axe          ||    13
    Use: Scroll            ||     2
         Potion            ||     1
 Armour: Leather armour    ||     4
  Dodge: Dodged            ||    14

Table legend: (Time is in decaauts)
 A = Elapsed time spent in this place.
 B = Non-inter-level travel time spent in this place.
 C = Inter-level travel time spent in this place.
 D = Time resting spent in this place.
 E = Time spent auto-exploring this place.
 F = Levels seen in this place.
 G = Mean time per level.
                   A        B        C        D        E       F      G
               +--------+--------+--------+--------+--------+-----+--------+
         Total |    159 |    153 |      6 |     51 |      0 |   3 |   53.0 |
       Dungeon |    148 |    147 |      1 |     51 |      0 |   2 |   74.0 |
        Temple |     10 |      5 |      5 |      0 |      0 |   1 |   10.0 |
               +--------+--------+--------+--------+--------+-----+--------+

Top non-repeatable levels by time:
     D:4: 119 daAuts
     D:5: 29 daAuts
  Temple: 10 daAuts
